 Dungeon Crawl Stone Soup version 0.28.0-47-ge53b351184 (webtiles) character file.

Game seed: 14444384767642628496

16 Descartes the Grasshopper (level 2, -1/22 HPs)
             Began as a Formicid Warper on May 9, 2022.
             Slain by a kobold
             ... wielding a +2 mace of protection
              (7 damage)
             ... on level 1 of the Dungeon.
             The game lasted 00:00:41 (649 turns).

Descartes the Grasshopper (Formicid Warper)          Turns: 649, Time: 00:00:41

Health: -1/22      AC:  3    Str: 15    XL:     2   Next: 70%
Magic:  5/5        EV: 11    Int: 12    God:
Gold:   12         SH:  0    Dex: 10    Spells: 5/5 levels left

rFire   . . .      SeeInvis +   a - +0 mace
rCold   . . .      Faith    .   (no shield)
rNeg    . . .      Spirit   .   b - +0 leather armour
rPois   .          Reflect  .   (helmet unavailable)
rElec   .          Harm     .   (no cloak)
rCorr   .          Rampage  .   (no gloves)
Will    .....                   (no boots)
Stlth   +.........              (no amulet)
HPRegen 0.07/turn               (no ring)
MPRegen 0.09/turn               (no ring)

@: no status effects
A: permanent stasis, dig shafts and tunnels, antennae 3, four strong arms
a: Dig, Shaft Self


You were on level 1 of the Dungeon.
You visited 1 branch of the dungeon, and saw 1 of its levels.

You collected 12 gold pieces.

Inventory:

Hand Weapons
 a - a +0 mace (weapon)
Missiles
 c - 5 boomerangs of dispersal (quivered)
Armour
 b - a +0 leather armour (worn)


   Skills:
 - Level 2.1 Fighting
 + Level 2.2 Maces & Flails
 - Level 1.0 Throwing
 + Level 1.5 Armour
 - Level 1.7 Dodging
 + Level 1.1 Shields
 - Level 2.1 Spellcasting
 + Level 2.9 Translocations


You had 5 spell levels left.
You didn't know any spells.
Your spell library contained the following spells:

 Spells                   Type           Power      Damage    Failure   Level
 Gell's Gravitas          Tloc           8%         N/A       28%         3
 Lesser Beckoning         Tloc           8%         N/A       28%         3
 Teleport Other           Tloc           8%         N/A       28%         3
 Manifold Assault         Tloc           8%         N/A       95%         5
 Blink                    Tloc           Unusable   N/A       N/A         2

Dungeon Overview and Level Annotations

Branches:
Dungeon (1/15)

Altars:


Innate Abilities, Weirdness & Mutations

You cannot be hasted, slowed, berserked, paralysed or teleported.
You can dig through walls and to a lower floor.
You have a pair of large antennae on your head. (SInv)
Your four strong arms can wield two-handed weapons with a shield.


Message History

You escape the ball python's grasp.
You sock the giant cockroach!
You kill the giant cockroach!
You sock the ball python!
You kill the ball python!
You hit the endoplasm.
The endoplasm is almost dead.
The endoplasm freezes you.
You are frozen.
The endoplasm closely misses you.
You hit the endoplasm.
You kill the endoplasm!
A kobold comes into view. It is wielding a +2 mace of protection.
The kobold shouts!
Things that are here:
a +0 dagger; a +0 dagger
Found a stone staircase leading down.
Found a club.
The kobold hits you with a +2 mace of protection.
You closely miss the kobold.
The kobold hits you with a +2 mace of protection.
You hit the kobold but do no damage.
The kobold hits you with a +2 mace of protection.
* * * LOW HITPOINT WARNING * * *
You are too injured to fight recklessly!
You are too injured to fight recklessly!
You are too injured to fight recklessly!
You are too injured to fight recklessly!
You are too injured to fight recklessly!
You are too injured to fight recklessly!
You are too injured to fight recklessly!
You are too injured to fight recklessly!
You are too injured to fight recklessly!
You are too injured to fight recklessly!
You are too injured to fight recklessly!
Things that are here:
a +0 dagger; a +0 dagger You hit the kobold.
The kobold is moderately wounded.
The kobold hits you with a +2 mace of protection!
You die...

#.............#..
#..#....#####...## ...###
.........######.. .....
#..###..........# ....###
....##.#..####... ......
###.##.#..# #.# )...# #
#..#.#..####.# ....#
###............######...####
....>#.#..###...@K).........
..#.......# ##.####.#.#.####
#....#.#.## #.# #.#.#
#รท...#.#.####.?= #.#.#
..............._. #.#.#
#...#########.....>....
...## ##......... #.##
######.#.# ..#


You could see a kobold.

Vanquished Creatures
  4 endoplasms (D:1)
  A giant cockroach (D:1)
  3 goblins (D:1)
  2 hobgoblins (D:1)
  A ball python (D:1)
  A bat (D:1)
  A kobold (D:1)
13 creatures vanquished.

Notes
Turn   | Place    | Note
-------+----------+-------------------------------------------
     0 | D:1      | Descartes the Formicid Warper began the quest for the Orb.
     0 | D:1      | Reached XP level 1. HP: 16/16 MP: 3/3
   287 | D:1      | Reached XP level 2. HP: 11/22 MP: 5/5
   617 | D:1      | Found a faded altar of an unknown god.
   624 | D:1      | Reached skill level 1 in Shields
   649 | D:1      | Slain by a kobold

Illustrated notes

Levels and vault maps discovered:
D:1:      zaba_arrival_water, layout_loops_ring, serial_shops,
          nicolae_shop_behind_doors, basic_ecumenical_altar,
          kennysheep_minor_cross, minmay_indecisive_spiral

Skill      XL: |  1  2 |
---------------+-------+-----
Shields        | 1 |  1.1
Fighting       | |  2.1
Maces & Flails | |  2.2
Throwing       | |  1.0
Armour         | |  1.5
Dodging        | |  1.7
Spellcasting   | |  2.1
Translocations | |  2.9

Action                   || total
-------------------------++-------
Melee: Mace              ||    45
Armor: Leather armour    ||    13
Dodge: Dodged            ||    30
